 Dungeon Crawl Stone Soup version 0.28-a0-1339-ga5422284a4 (webtiles) character file.

Game seed: 3998768561794327135

620930 Mehrius the Conqueror (level 27, -4/298 HPs)
             Began as a Gargoyle Berserker on Dec 28, 2021.
             Was a High Priest of Trog.
             Slain by a death scarab (16 damage)
             ... on level 2 of the Tomb of the Ancients on Dec 29, 2021.
             The game lasted 03:52:36 (69541 turns).

Mehrius the Conqueror (Gargoyle Berserker)         Turns: 69541, Time: 03:52:37

Health: -4/298     AC: 60    Str: 39 (40) XL:     27
Magic:  32/32      EV: 16    Int: 22 (24) God:    Trog [*****.]
Gold:   8944       SH: 31    Dex: 19      Spells: 26/26 levels left

rFire   . . .      SeeInvis +   j - +9 demon whip (drain)
rCold   + . .      Faith    .   o - +1 tower shield {rC+}
rNeg    + + .      Spirit   .   m - +15 Maxwell's patent armour {-Cast -Tele rElec Will+ rCorr}
rPois   ∞          Reflect  .   W - +1 hat "Pebueh" {Rampage rCorr Int+4}
rElec   +          Harm     .   d - +0 cloak of Ejorosa {rN+ Regen+ Str+4}
rCorr   +          Rampage  +   a - +2 pair of gloves
Will    +++++      NoTele   +   y - +0 pair of boots of Purpose {Int+5 Dex+3 Stlth-}
Stlth   .......... NoCast   +   X - amulet of Xom's Ringing Laughter {Acrobat rPois Will- rCorr Slay+3}
HPRegen 2.39/turn               T - ring "Rimotit" {Str+2 Dex+7 SInv}
MPRegen 0.23/turn               e - ring of Nitihyn {*Slow rElec Will+++ Str+2 Int+6}

@: berserking, marked, strong-willed, flying, regenerating, slowed, studying 2
skills, unable to read
A: sickness immunity, AC +20, big wings, negative energy resistance 1,
electricity resistance, torment resistance 1, petrification resistance,
iridescent scales 1, large bone plates 1, deformed body, deterioration 1, weak
1, wild magic 1, no potion heal 1, inability to read while threatened, noise
suppression
}: 5/15 runes: serpentine, slimy, silver, abyssal, gossamer
a: Renounce Religion, Berserk, Trog's Hand, Brothers in Arms


You were on level 2 of the Tomb of the Ancients.
You worshipped Trog.
Trog was extremely pleased with you.
You visited 12 branches of the dungeon, and saw 54 of its levels.
You visited the Abyss 1 time.
You visited 1 bazaar.
You also visited: Bailey, Gauntlet and Wizlab.

You collected 10637 gold pieces.
You spent 1693 gold pieces at shops.

Inventory:

Hand Weapons
 i - the +7 Singing Sword {vorpal, sonic wave}
   (You found it on level 8 of the Dungeon)

   It inflicts extra damage upon your enemies.
   It radiates damaging sonic waves as it strikes, especially in combat
   involving dangerous or numerous foes.
 j - a +9 demon whip of draining (weapon)
 R - a +3 antimagic great mace
Armour
 a - a +2 pair of gloves (worn)
 d - the +0 cloak of Ejorosa (worn) {rN+ Regen+ Str+4}
   (You acquired it on level 13 of the Dungeon)

   Str:       It affects your strength (+4).
   rN:        It protects you from negative energy.
   Regen:     It increases your rate of health regeneration.
 m - the +15 Maxwell's patent armour (worn) {-Cast -Tele rElec Will+ rCorr}
   (You found it on level 3 of the Lair of Beasts)

   rElec:     It insulates you from electricity.
   -Cast:     It prevents spellcasting.
   -Tele:     It prevents most forms of teleportation.
   rCorr:     It protects you from acid and corrosion.
   Will:      It increases your willpower.
 o - a +1 tower shield of cold resistance (worn)
 y - the +0 pair of boots of Purpose (worn) {Int+5 Dex+3 Stlth-}
   (You acquired it on level 1 of the Spider Nest)

   Int:       It affects your intelligence (+5).
   Dex:       It affects your dexterity (+3).
   Stlth:     It makes you less stealthy.
 W - the +1 hat "Pebueh" (worn) {Rampage rCorr Int+4}
   (You found it in a Gauntlet)

   Int:       It affects your intelligence (+4).
   rCorr:     It protects you from acid and corrosion.
   Rampage:   It bestows one free step when moving towards enemies.
Jewellery
 e - the ring of Nitihyn (right hand) {*Slow rElec Will+++ Str+2 Int+6}
   (You acquired it on level 4 of the Snake Pit)

   [ring of intelligence]

   Str:       It affects your strength (+2).
   Int:       It affects your intelligence (+6).
   rElec:     It insulates you from electricity.
   *Slow:     It may slow you when you take damage.
   Will:      It greatly increases your willpower.
 v - a ring of protection from cold
 F - a ring of resist corrosion
 N - a ring of protection from fire
 T - the ring "Rimotit" (left hand) {Str+2 Dex+7 SInv}
   (You found it on level 2 of the Depths)

   [ring of see invisible]

   Str:       It affects your strength (+2).
   Dex:       It affects your dexterity (+7).
   SInv:      It lets you see invisible.
 X - the amulet of Xom's Ringing Laughter (around neck) {Acrobat rPois Will- rCorr Slay+3}
   (You found it in a Gauntlet)

   [amulet of the acrobat]

   It increases your evasion while moving and waiting.
   Slay:      It affects your accuracy & damage with ranged weapons and melee
   (+3).
   rPois:     It protects you from poison.
   rCorr:     It protects you from acid and corrosion.
   Will:      It decreases your willpower.
Wands
 n - a wand of flame (153)
 q - a wand of polymorph (23)
 w - a wand of mindburst (41)
 x - a wand of acid (23)
 B - a wand of charming (12)
 I - a wand of paralysis (33)
 M - a wand of iceblast (22)
 S - a wand of digging (23)
Scrolls
 b - 3 scrolls of magic mapping
 h - 14 scrolls of blinking
 p - 28 scrolls of teleportation
 u - 10 scrolls of fog
 D - 3 scrolls of holy word
 G - 6 scrolls of summoning
 J - 2 scrolls of silence
 O - 8 scrolls of fear
 V - 2 scrolls of brand weapon
Potions
 f - 7 potions of lignification
 g - 8 potions of resistance
 k - 21 potions of curing
 r - 3 potions of magic
 s - 3 potions of berserk rage
 t - 2 potions of heal wounds
 z - 9 potions of haste
 A - 2 potions of might
 P - 4 potions of invisibility
 Q - 5 potions of ambrosia
 U - 6 potions of cancellation
Miscellaneous
 Y - a lightning rod (4/4)


   Skills:
 O Level 27 Fighting
 + Level 4.0 Long Blades
 * Level 18.6(18.7) Maces & Flails
 + Level 3.7(4.1) Polearms
 + Level 2.8(12.8) Staves
 * Level 20.4 Armour
 * Level 11.8 Dodging
 * Level 13.8 Stealth
 - Level 26.7 Shields
 + Level 0.4 Unarmed Combat
 * Level 12.6 Invocations
 * Level 10.0 Evocations


You had 26 spell levels left.
You didn't know any spells.
Your spell library was empty.

Dungeon Overview and Level Annotations

Branches:
Dungeon (15/15)            Temple (1/1) D:6            Lair (6/6) D:9
  Snake (4/4) Lair:4       Spider (4/4) Lair:4        Slime (5/5) Lair:5
    Orc (2/2) D:12            Elf (3/3) Orc:2        Vaults (5/5) D:13
  Crypt (3/3) Vaults:2       Tomb (2/3) Crypt:3      Depths (4/4) D:15
    Zot (0/5) Depths:4     Bailey (visited)          WizLab (visited)
Gauntlet (visited)

Altars:
Ashenzari
Cheibriados
Dithmenos
Elyvilon
Fedhas
Gozag
Hepliaklqana
Kikubaaqudgha
Makhleb
Nemelex Xobeh
Okawaru
Qazlal
Ru
Sif Muna
Trog
Uskayaw
Vehumet
Wu Jian
Xom
Yredelemnul
Zin
The Shining One
Jiyva
Lugonu

Shops:
D:3 [   D:5 (   D:6 :[   D:7 =*   Orc:1 =   Orc:2 =*[(*   Elf:1 (   Snake:2 **
Depths:1 :   Depths:3 (

Portals:
Hell: Depths:1 Depths:2 Depths:3 Depths:4
Abyss: Lair:6 Depths:1 Depths:2 Depths:3 Depths:4
Pandemonium: Depths:1 Depths:2 Depths:3
Ziggurat: Depths:4

Annotations:
D:4 1 runed translucent door, Crazy Yiuf
Spider:3 3 runed translucent doors, Xaebebb's ghost, adept DrCj
Crypt:1 36 runed doors
Depths:2 3 runed translucent doors, Ninaxtia's ghost, veteran TeCj; TheNamelessOne's ghost, adept DsFi; Zgarb's ghost, adept SpEn; emiel's ghost, veteran OgEE; sn0wgr3's ghost, adept MiFi


Innate Abilities, Weirdness & Mutations

You are immune to sickness and miasma.
Your stone body is resilient. (AC +20)
You are immune to poison.
Your large and strong wings let you fly.
You resist negative energy. (rN+)
You are resistant to electric shocks. (rElec)
You are resistant to unholy torment.
You are immune to petrification.
You are partially covered in iridescent scales. (AC +2)
You are partially covered in large bone plates. (SH +4)
Armour fits poorly on your strangely shaped body.
Your body sometimes deteriorates upon taking damage.
You are weak. (Str -2)
Your spells are a little harder to cast, but a little more powerful.
Potions are less effective at restoring your health.
You sometimes lose the ability to read scrolls when taking damage.
You passively dampen the noise of your surroundings.


Message History

You destroy the death scarab!
Trog accepts your kill. You block the death scarab's attack.
The death scarab misses you.
You block the death scarab's attack. x2; The death scarab barely misses you.
The death scarab closely misses you.
The death scarab bites you but does no damage.
The death scarab completely misses you.
The death scarab bites you but does no damage. x2
The death scarab misses you. You block the death scarab's attack.
The death scarab bites you but does no damage.
You closely miss the death scarab. You block the death scarab's attack. x2
The death scarab bites you but does no damage. x3
You block the death scarab's attack. x2
The death scarab bites you but does no damage. x2
The death scarab waves its antennae.
The mummy priest prays to its god.
The death scarab bites you but does no damage.
You thrash the death scarab!!
The death scarab is almost destroyed.
You block the death scarab's attack. x4; The death scarab bites you!
* * * LOW HITPOINT WARNING * * *
The death scarab drains your vigour!
You feel as though you will be slow longer.
You block the death scarab's attack.
The death scarab bites you but does no damage.
The death scarab barely misses you. The death scarab bites you!
* * * LOW HITPOINT WARNING * * *
The death scarab drains your vigour!
You feel as though you will be slow longer.
You block the death scarab's attack.
The death scarab bites you but does no damage.
A mummy comes into view.
The death scarab closely misses you. The death scarab barely misses you.
The death scarab bites you but does no damage.
You closely miss the death scarab.
The death scarab is almost destroyed.
You block the death scarab's attack. The death scarab barely misses you.
The death scarab bites you but does no damage.
The death scarab bites you!
You die...

##...........##
..^.../.......M
....?.M.4......
......MM.....
#...MMzB..#


#)ZMB9zMz.# #..MBBB9z.# #ZMMB@Bzz3# #.BWBBBBMM# #.MWWzMMM.# #.4MB933M.#
....MZVWM.... ...^..ZWZz..... .^..........?.. ##...........## You could see 4
royal mummies, 4 mummy priests, a skeletal warrior, a jiangshi (summoned), an
orange demon (summoned), a hellwing (summoned), 5 guardian mummies, 3 ushabtiu,
4 freezing wraiths, a sixfirhy (summoned), 2 smoke demons, 13 death scarabs, a
shadow (summoned, invisible), 5 flying skulls, 8 mummies, 2 wights, a caustic
shrike simulacrum (summoned), a spriggan defender zombie, a nagaraja zombie
(summoned), an anaconda skeleton (summoned) and a five-headed hydra skeleton.

Vanquished Creatures
  the Royal Jelly (Slime:5)
  A dread lich (Crypt:3)
  An ancient lich (Vaults:5)
  2 juggernauts (Depths:2)
  Mara (Vaults:5)
  Margery (Depths:3)
  Xtahua (Vaults:4)
  A caustic shrike (Depths:2)
  Saint Roka (Elf:2)
  A mutant beast (WizLab)
  4 golden dragons
  4 bone dragons
  Jorgrun (Orc:1)
  A shard shrike skeleton (Crypt:1)
  6 tentacled monstrosities
  The ghost of anonymous the Severer, an adept NaFi of Cheibriados (Snake:1)
  6 liches
  3 quicksilver dragons
  A deep elf master archer (Elf:3)
  The ghost of Xeir the Warrior, an adept NaFE of Gozag (Snake:2)
  6 titans
  22 acid blobs
  A deep elf blademaster (Elf:3)
  11 sphinxes
  An Executioner (Abyss:3)
  5 ancient champions
  2 tentacled starspawn
  Gastronok (D:12)
  4 shadow dragons
  The ghost of Guhan the Protected, an adept GnWn of Okawaru (Snake:2)
  Kirke (D:12)
  7 tengu reavers
  5 storm dragons (Vaults:5)
  A draconian monk (Depths:4)
  Roxanne (Snake:4)
  Donald (Spider:2)
  A revenant (Tomb:1)
  11 azure jellies
  11 rockslimes
  5 nagarajas
  Agnes (Snake:1)
  11 frost giants
  9 deep elf sorcerers
  An orc warlord (Orc:1)
  7 fire giants
  5 ghost moths
  2 iron dragons (Vaults:5)
  5 emperor scorpions
  13 vault wardens
  Aizul (Snake:2)
  3 curse skulls (Crypt:2)
  A cacodemon (Depths:1)
  A juggernaut zombie (Crypt:3)
  Louise (Snake:1)
  A spriggan defender (Depths:3)
  12 quicksilver oozes
  30 very ugly things
  5 deep elf elementalists (Elf:3)
  13 ironbound preservers
  A caustic shrike skeleton (Crypt:3)
  8 stone giants
  9 war gargoyles
  3 broodmothers
  8 ironbound thunderhulks
  A juggernaut skeleton (Crypt:1)
  9 vampire knights
  A reaper (Crypt:2)
  Nessos (D:12)
  2 green draconians
  3 entropy weavers
  14 dire elephants
  Azrael (Snake:2)
  A white draconian (Depths:3)
  13 deep elf annihilators
  10 deep elf demonologists
  A minotaur (Gauntlet)
  3 spark wasps
  A purple draconian (Depths:3)
  2 eidola (Crypt:1)
  A green death (Abyss:1)
  12 ettins
  7 deep elf death magi
  3 crystal guardians (Crypt:3)
  3 mummy priests (Tomb:1)
  6 fire dragons
  8 jiangshi
  A merfolk impaler (Depths:4)
  9 deep elf high priests
  17 yaktaur captains
  12 great orbs of eyes
  2 rakshasas
  3 spriggan zombies (Crypt:3)
  7 boulder beetles
  2 jorogumos (Spider:4)
  A servant of whispers (Vaults:1)
  4 salamander tyrants (Snake:4)
  9 hydras
  5 ice dragons
  2 ogre magi
  Fannar (D:12)
  A spriggan skeleton (Tomb:1)
  27 vault guards
  8 naga warriors
  A jorogumo (shapeshifter) (D:14)
  A hydra (shapeshifter) (Vaults:5)
  3 spriggan air magi
  2 radroaches (Spider:2)
  10 anacondas
  Erica (Lair:1)
  8 ironbound frosthearts
  32 dancing weapons
  7 centaur warriors
  A death knight (Crypt:1)
  5 death scarabs
  4 two-headed ogres
  7 tengu warriors
  A two-headed ogre (shapeshifter) (WizLab)
  The ghost of Swippen the Blocker, a novice GnFi of Okawaru (Lair:1)
  2 titan zombies
  6 death yaks (Lair:5)
  A deep troll earth mage (Depths:3)
  4 orc high priests
  3 deep troll shamans
  9 vampire magi
  Nergalle (D:11)
  5 thrashing horrors
  A sun demon (Depths:1)
  A soul eater (Depths:3)
  16 naga sharpshooters
  Sonja (Lair:1)
  22 deep elf knights
  5 spriggan berserkers
  15 hell knights
  34 skeletal warriors
  The ghost of p0werm0de the Skirmisher, a novice MiCK of Xom (D:7)
  A spectral death yak (Lair:1)
  2 wretched stars (Abyss:3)
  4 shock serpents
  3 pharaoh ants
  2 sun moths (Spider:1)
  A salamander mystic (Snake:3)
  2 shadow wraiths
  2 sixfirhies
  3 fire crabs
  A spatial maelstrom (Abyss:3)
  A storm dragon skeleton (Crypt:3)
  A fire crab (shapeshifter) (WizLab)
  A bunyip zombie (Crypt:3)
  11 starcursed masses
  2 steelbarb worms (shapeshifter) (WizLab)
  3 iron trolls
  2 sea snakes (shapeshifter)
  A ghost moth zombie (Crypt:2)
  4 glowing orange brains
  5 steelbarb worms
  32 deep trolls
  10 orb spiders
  5 flayed ghosts
  15 deep elf archers
  7 wizards
  8 phantasmal warriors
  3 naga ritualists
  A shadow dragon zombie (Depths:2)
  A spectral hydra (Lair:1)
  Pikel (D:7)
  5 orc knights
  17 necromancers
  2 orange crystal statues
  21 large abominations
  24 wolf spiders
  34 deep elf pyromancers
  19 ironbound convokers
  5 lindwurms
  A tengu zombie (Depths:2)
  A sphinx zombie (Vaults:3)
  A tengu skeleton (Depths:2)
  The ghost of ThreePoint314 the Martial Artist, a novice DsAK of Lugonu (D:7)
  9 mana vipers
  6 shining eyes
  49 ugly things
  A wolf spider zombie (D:15)
  2 human zombies (Vaults:3)
  27 deep elf zephyrmancers
  2 shadow dragon skeletons
  2 fauns (shapeshifter)
  A shining eye (shapeshifter) (WizLab)
  A manticore (shapeshifter) (Depths:4)
  A worldbinder (Abyss:1)
  6 cyclopes
  9 salamanders
  6 manticores
  An elf zombie (Vaults:3)
  Joseph (D:7)
  9 orc sorcerers
  5 eyes of devastation
  2 moths of wrath
  A moth of wrath (shapeshifter) (WizLab)
  2 rust devils (Depths:1)
  An elephant (shapeshifter) (WizLab)
  2 guardian serpents
  34 black mambas
  6 torpor snails
  A dire elephant zombie (Crypt:2)
  11 naga magi
  8 elephants
  A stone giant skeleton (Crypt:1)
  A black mamba (shapeshifter) (WizLab)
  13 cane toads
  16 vault sentinels
  2 cane toads (shapeshifter)
  6 smoke demons
  A hellion (Abyss:3)
  A rime drake (Lair:2)
  8 komodo dragons
  A komodo dragon (shapeshifter) (Vaults:5)
  16 demonic crawlers
  Psyche (D:9)
  A bunyip simulacrum (Abyss:2)
  3 kobold demonologists
  A sea snake zombie (Crypt:1)
  4 freezing wraiths
  2 yaktaurs (shapeshifter)
  46 yaktaurs
  8 guardian mummies
  A tengu conjurer (Depths:3)
  A tormentor (Abyss:3)
  An ancient zyme (Lair:6)
  2 hellwings (Abyss:3)
  6 trolls
  A redback zombie (D:15)
  A catoblepas skeleton (Tomb:1)
  A meliai (shapeshifter) (WizLab)
  A red draconian skeleton (Crypt:2)
  29 meliai
  A queen bee (Abyss:3)
  A harpy zombie (Crypt:3)
  2 polar bears (Lair:6)
  28 tarantellas
  3 queen bees (shapeshifter)
  A harpy skeleton (Abyss:3)
  2 wolf spider simulacra (D:15)
  137 slime creatures
  11 hornets
  A tarantella (shapeshifter) (WizLab)
  29 blink frogs
  A fire giant simulacrum (Depths:2)
  A hornet (shapeshifter) (WizLab)
  2 saltlings (Vaults:1)
  A spectral dream sheep (Lair:1)
  A merfolk (shapeshifter) (WizLab)
  22 dream sheep
  Grinder (D:5)
  3 raiju (Abyss:3)
  A fire dragon zombie (Crypt:3)
  22 jumping spiders
  2 jumping spiders (shapeshifter)
  3 ynoxinuls
  2 air elementals
  47 flying skulls
  13 water elementals
  4 vampires
  2 culicivoras (shapeshifter) (WizLab)
  15 culicivoras
  5 spriggans
  2 spriggans (shapeshifter)
  34 yaks
  8 wraiths
  5 ushabtiu (Tomb:1)
  8 wyverns
  Grum (D:9)
  A fire bat (Lair:3)
  7 fire elementals
  2 hogs (D:12)
  16 golden eyes
  A basilisk (shapeshifter) (WizLab)
  2 hogs (shapeshifter) (WizLab)
  11 basilisks
  A black mamba skeleton (Tomb:1)
  An iron golem (WizLab)
  2 vampire mosquitoes (D:13)
  2 neqoxecs (Abyss:1)
  3 humans (Snake:4)
  A spatial vortex (Abyss:3)
  4 chaos spawn
  42 redbacks
  Menkaure (D:4)
  3 wargs
  31 nagas
  A naga zombie (Tomb:1)
  A swamp worm (shapeshifter) (WizLab)
  An ogre zombie (Vaults:3)
  3 acid dragons
  8 floating eyes
  5 hell hounds
  38 orc warriors
  A hydra simulacrum (Lair:1)
  31 water moccasins
  A hornet zombie (D:15)
  A floating eye (shapeshifter) (Elf:1)
  A cane toad skeleton (Crypt:1)
  A black bear (shapeshifter) (WizLab)
  2 sky beasts (shapeshifter)
  A black bear (D:5)
  A dream sheep zombie (Crypt:2)
  10 centaurs
  12 wolves
  7 necrophages
  A dream sheep skeleton (Crypt:2)
  17 ogres
  3 phantoms
  A lemure (D:7)
  5 kobold brigands
  2 gnoll sergeants
  6 bullfrogs
  5 earth elementals
  25 small abominations
  5 scorpions
  A salamander skeleton (Crypt:2)
  A cane toad simulacrum (Lair:1)
  A water moccasin skeleton (D:5)
  3 killer bees (D:9)
  12 wights (D:7)
  9 electric eels
  A bullfrog zombie (D:5)
  2 quasits (Abyss:1)
  2 hounds
  5 centaur zombies
  19 orc priests
  2 jellies
  A centaur skeleton (D:5)
  Natasha (thrice) (D:3)
  7 iguanas
  Terence (D:3)
  14 orc wizards
  Ijyb (D:3)
  An acid dragon zombie (Crypt:1)
  A felid zombie (Crypt:2)
  3 naga skeletons
  A dwarf skeleton (Crypt:1)
  6 mummies (Tomb:1)
  17 gnolls
  10 adders
  A howler monkey skeleton (D:6)
  A swamp drake skeleton (Crypt:1)
  A shadow imp (D:8)
  4 white imps
  4 ufetubi
  An adder skeleton (D:4)
  2 worms (D:2)
  4 dart slugs
  59 orcs
  9 ball pythons
  A bat (D:1)
  3 endoplasms
  4 giant cockroaches
  A giant cockroach (shapeshifter) (Vaults:5)
  12 goblins
  6 hobgoblins
  4 jackals
  18 kobolds
  5 quokkas
  A frilled lizard (D:2)
  5 rats
  A starspawn tentacle (Abyss:1)
2381 creatures vanquished.

Vanquished Creatures (collateral kills)
  A quicksilver dragon (Snake:4)
  A shadow dragon (Depths:4)
  A draconian monk (Depths:4)
  A quicksilver ooze (Slime:5)
  2 red draconians (Depths:4)
  An ettin (Orc:2)
  A rakshasa (Depths:1)
  A naga warrior (Snake:3)
  A deep troll shaman (Depths:2)
  A shock serpent (Snake:3)
  2 glowing orange brains
  A naga ritualist (Snake:3)
  4 black mambas (Snake:3)
  2 elephants (Gauntlet)
  A salamander (Snake:3)
  A freezing wraith (Crypt:1)
  2 meliai (D:12)
  3 nagas (Snake:3)
  3 orc warriors (Orc:2)
  An ogre (Orc:2)
  An orc priest (Orc:2)
  An orc wizard (Orc:2)
  4 orcs (Orc:2)
37 creatures vanquished.

Vanquished Creatures (others)
  A deep elf annihilator (Elf:3)
  A deep elf pyromancer (Elf:1)
  A blink frog (Abyss:3)
  A jumping spider (Spider:4)
  2 humans (D:12)
  An orc wizard (D:7)
  2 orcs
  2 kobolds (D:10)
  A bush (D:9)
  21 fungi
  94 plants
  2 starspawn tentacles (Abyss:1)
  12 withered plants
141 creatures vanquished.

Grand Total: 2559 creatures vanquished

Notes
Turn   | Place    | Note
-------+----------+-------------------------------------------
     0 | D:1      | Mehrius the Gargoyle Berserker began the quest for the Orb.
     0 | D:1      | Reached XP level 1. HP: 14/14 MP: 1/1
   165 | D:1      | Reached XP level 2. HP: 15/19 MP: 2/2
   815 | D:2      | Reached XP level 3. HP: 17/24 MP: 3/3
  1614 | D:2      | Reached ** piety under Trog
  1615 | D:2      | Reached XP level 4. HP: 11/29 MP: 4/4
  2006 | D:2      | Found a faded altar of an unknown god.
  2393 | D:2      | Reached skill level 4 in Fighting
  3298 | D:2      | Reached XP level 5. HP: 29/33 MP: 5/5
  3381 | D:3      | Noticed Natasha
  3389 | D:3      | Killed Natasha
  3390 | D:3      | Reached skill level 1 in Shields
  3512 | D:3      | Noticed Ijyb
  3524 | D:3      | Killed Ijyb
  3587 | D:3      | Noticed Natasha
  3595 | D:3      | Killed Natasha
  3596 | D:3      | Reached XP level 6. HP: 36/38 MP: 6/6
  3600 | D:3      | Noticed Natasha
  3608 | D:3      | Killed Natasha
  3908 | D:3      | Noticed Terence
  3920 | D:3      | Killed Terence
  3938 | D:3      | Found Ubooxole's Antique Armour Boutique.
  4175 | D:4      | Reached skill level 5 in Maces & Flails
  4665 | D:4      | Reached XP level 7. HP: 40/44 MP: 7/7
  4679 | D:4      | Noticed Menkaure
  4689 | D:4      | Killed Menkaure
  4793 | D:4      | Found a runed translucent door.
  4794 | D:4      | Noticed Crazy Yiuf
  5187 | D:5      | Entered Level 5 of the Dungeon
  5213 | D:5      | Found Raiqeh's Weapon Boutique.
  5699 | D:5      | Noticed Grinder
  5720 | D:5      | Reached XP level 8. HP: 46/48 MP: 8/8
  6016 | D:5      | Killed Grinder
  6017 | D:5      | Reached skill level 5 in Fighting
  6017 | D:5      | Reached skill level 5 in Armour
  6890 | D:6      | Found a staircase to the Ecumenical Temple.
  7161 | Temple   | Entered the Ecumenical Temple
  7829 | D:6      | Reached XP level 9. HP: 33/54 MP: 9/9
  7971 | D:6      | Found Ufyduite's Book Emporium.
  7997 | D:6      | Reached skill level 5 in Shields
  8079 | D:6      | Identified the +6 kite shield "Gedif" {rElec rPois rN++
                  | Will-}
  8461 | D:6      | Found Nisa Meh's Antique Armour Emporium.
  8465 | D:6      | Bought an amber-encrusted scale mail for 261 gold pieces
  8465 | D:6      | Identified the +1 scale mail of the Monkey's Uncle {Str+6
                  | Dex+3} (You bought it in a shop on level 6 of the Dungeon)
  8685 | D:7      | Noticed Pikel
  8762 | D:7      | Reached skill level 6 in Fighting
  8992 | D:7      | Found a runed translucent gate.
  8992 | D:7      | Found a runed translucent gate.
  8992 | D:7      | Found a runed translucent gate.
  8992 | D:7      | Noticed p0werm0de's ghost (novice MiCK)
  8993 | D:7      | Noticed ThreePoint314's ghost (novice DsAK)
  9019 | D:7      | Noticed Joseph
  9211 | D:7      | Found a flagged portal.
  9217 | D:7      | Reached *** piety under Trog
  9223 | Bailey   | Entered a bailey
  9739 | Bailey   | Reached skill level 1 in Stealth
  9946 | Bailey   | Noticed a kobold demonologist
  9947 | Bailey   | Noticed a sixfirhy
  9956 | Bailey   | Noticed an orange demon
  9974 | Bailey   | Killed a kobold demonologist
  9975 | Bailey   | Reached XP level 10. HP: 36/61 MP: 10/10
 10357 | Bailey   | Found an iron altar of Okawaru.
 10359 | Bailey   | Noticed an orc sorcerer
 10373 | Bailey   | Noticed a smoke demon
 10423 | D:7      | Killed Pikel
 10494 | D:7      | Found Zusa's General Store.
 10607 | D:7      | Found a white marble altar of Elyvilon.
 10644 | D:7      | Found Apui's Jewellery Boutique.
 11309 | D:7      | Killed Joseph
 11508 | D:8      | Found the +7 Singing Sword {vorpal, sonic wave}
 11509 | D:8      | Noticed a manticore
 12479 | D:8      | Noticed a cyclops
 12521 | D:9      | Reached skill level 7 in Fighting
 12521 | D:9      | Reached skill level 10 in Maces & Flails
 12603 | D:9      | Reached skill level 1 in Staves
 12624 | D:9      | Noticed Psyche
 12633 | D:9      | Killed Psyche
 12687 | D:9      | Reached XP level 11. HP: 67/67 MP: 11/11
 12693 | D:9      | Noticed Grum
 12719 | D:9      | Killed Grum
 12930 | D:9      | Found a staircase to the Lair.
 12985 | D:9      | Noticed a centaur warrior
 12996 | D:9      | Killed a centaur warrior
 13386 | D:10     | Entered Level 10 of the Dungeon
 14439 | D:11     | Reached **** piety under Trog
 14524 | D:11     | Found a blossoming altar of Fedhas.
 14639 | D:11     | Noticed Nergalle
 14688 | D:11     | Acquired 916 gold pieces
 14690 | D:11     | Acquired a +2 demon whip of draining
 14844 | D:11     | Killed Nergalle
 14845 | D:11     | Reached skill level 10 in Shields
 15157 | D:12     | Noticed a sixfirhy
 15190 | D:12     | Reached skill level 8 in Fighting
 15280 | D:12     | Noticed a boulder beetle
 15292 | D:12     | Killed a boulder beetle
 15340 | D:12     | Noticed Fannar
 15366 | D:12     | Killed Fannar
 15367 | D:12     | Reached XP level 12. HP: 75/75 MP: 12/12
 15462 | D:12     | Noticed Kirke
 15474 | D:12     | Killed Kirke
 15680 | D:12     | Noticed Nessos
 15882 | D:12     | Noticed a two-headed ogre
 15883 | D:12     | Noticed Gastronok
 15891 | D:12     | Killed a two-headed ogre
 15910 | D:12     | Killed Gastronok
 16085 | D:12     | Found a staircase to the Orcish Mines.
 16190 | Lair:1   | Entered Level 1 of the Lair of Beasts
 16222 | Lair:1   | Noticed a five-headed hydra
 16231 | Lair:1   | Killed a five-headed hydra
 16356 | Lair:1   | Reached skill level 9 in Fighting
 16514 | Lair:1   | Noticed Sonja
 16533 | Lair:1   | Killed Sonja
 16643 | Lair:1   | Noticed Erica
 16658 | Lair:1   | Killed Erica
 16776 | Lair:1   | Found a runed translucent gate.
 16777 | Lair:1   | Found a runed translucent gate.
 16777 | Lair:1   | Found a runed translucent gate.
 16780 | Lair:1   | Noticed Swippen's ghost (novice GnFi)
 16900 | Lair:1   | Noticed a six-headed hydra
 16909 | Lair:1   | Killed a six-headed hydra
 17286 | Lair:2   | Reached XP level 13. HP: 55/80 MP: 13/13
 17574 | Lair:2   | Reached skill level 10 in Fighting
 17593 | Lair:2   | Reached skill level 10 in Armour
 18127 | Lair:3   | Reached ***** piety under Trog
 18282 | Lair:3   | Found a transporter.
 18282 | Lair:3   | Found the +15 Maxwell's patent armour {-Cast -Tele rElec
                  | Will+ rCorr}
 18553 | Lair:3   | Found a transporter.
 19048 | Lair:4   | Found a staircase to the Snake Pit.
 19346 | Lair:4   | Received a gift from Trog
 19373 | Lair:4   | Found a hole to the Spider Nest.
 19840 | Lair:5   | Found a staircase to the Slime Pits.
 19842 | Lair:5   | Reached skill level 11 in Fighting
 19842 | Lair:5   | Reached skill level 5 in Dodging
 19842 | Lair:5   | Gained mutation: Your large and strong wings let you fly.
                  | [Gargoyle growth]
 19842 | Lair:5   | Reached XP level 14. HP: 91/91 MP: 13/17
 19869 | Lair:5   | Found a viscous altar of Jiyva.
 20043 | Lair:5   | Reached skill level 12 in Fighting
 20248 | Lair:5   | Reached XP level 15. HP: 96/96 MP: 18/18
 20842 | Lair:6   | Entered Level 6 of the Lair of Beasts
 21099 | Lair:6   | Reached skill level 13 in Fighting
 21115 | Lair:6   | Found a gate leading to a gauntlet.
 21124 | Gauntlet | Entered a Gauntlet
 21124 | Gauntlet | Found a transporter.
 21124 | Gauntlet | Found a transporter.
 21137 | Gauntlet | Found a transporter.
 21156 | Gauntlet | Found a transporter.
 21156 | Gauntlet | Found a transporter.
 21156 | Gauntlet | Found a transporter.
 21159 | Gauntlet | Found a transporter.
 21159 | Gauntlet | Found a transporter.
 21172 | Gauntlet | Found a transporter.
 21190 | Gauntlet | Found a transporter.
 21199 | Gauntlet | Found a transporter.
 21203 | Gauntlet | Found a runed translucent door.
 21217 | Gauntlet | Found a transporter.
 21236 | Gauntlet | Found a transporter.
 21249 | Gauntlet | Found a transporter.
 21441 | Gauntlet | Identified the +1 hat "Pebueh" {Rampage rCorr Int+4}
 21547 | Gauntlet | Identified the amulet of Xom's Ringing Laughter {Acrobat
                  | rPois Will- rCorr Slay+3}
 21602 | Gauntlet | Identified the +10 hand axe of Ru's Vengeance {venom, rElec
                  | rPois Str+3 Int-4}
 21604 | Gauntlet | Identified the +1 cloak "Zisyg" {Str+2}
 21652 | Gauntlet | Identified the ring "Zoahum" {*Slow Fly rF+ Stlth+}
 21663 | Gauntlet | Reached skill level 15 in Shields
 21700 | Gauntlet | Identified the +2 steam dragon scales of Lugonu's Supremacy
                  | {Int+4 Slay+3}
 22688 | Lair:6   | Reached skill level 14 in Fighting
 23247 | Lair:6   | Found a corrupted altar of Lugonu.
 23247 | Lair:6   | Found a one-way gate to the infinite horrors of the Abyss.
 23589 | D:7      | Killed ThreePoint314's ghost
 23600 | D:7      | Killed p0werm0de's ghost
 23943 | Lair:1   | Killed Swippen's ghost
 24059 | Lair:2   | Reached XP level 16. HP: 76/107 MP: 19/19
 24853 | Orc:1    | Entered Level 1 of the Orcish Mines
 24872 | Orc:1    | Noticed Jorgrun
 24952 | Orc:1    | Killed Jorgrun
 25043 | Orc:1    | Found Inkam's Jewellery Boutique.
 25166 | Orc:1    | Paralysed by an ogre mage for 5 turns
 25244 | Orc:2    | Entered Level 2 of the Orcish Mines
 25318 | Orc:1    | You are sucked into a shaft and drop 1 floor!
 25320 | Orc:2    | Found a staircase to the Elven Halls.
 25919 | Orc:1    | Reached skill level 15 in Fighting
 26845 | D:12     | HP: 5/108 [meliai/divine providence (10)]
 27626 | D:13     | Found a gate to the Vaults.
 28090 | D:14     | Received a gift from Trog
 29010 | D:15     | Entered Level 15 of the Dungeon
 29315 | D:15     | Found a staircase to the Depths.
 29340 | D:15     | Reached skill level 16 in Fighting
 29370 | D:15     | Reached XP level 17. HP: 105/115 MP: 20/20
 29577 | D:15     | Found a shimmering blue altar of Sif Muna.
 30231 | Orc:2    | Received a gift from Trog
 30361 | Orc:2    | Paralysed by an orc sorcerer for 5 turns
 30533 | Orc:2    | Found Afrubug's Antique Armour Shop.
 30534 | Orc:2    | Found Hyilucs's Antique Weapon Boutique.
 30536 | Orc:2    | Found Roafase's General Store.
 30536 | Orc:2    | Found Moloedd's Jewellery Shop.
 30762 | Orc:2    | Found Nakiur's General Store.
 31013 | Snake:1  | Entered Level 1 of the Snake Pit
 31079 | Snake:1  | Acquired the +0 cloak of Ejorosa {rN+ Regen+ Str+4}
 31239 | Snake:1  | Noticed Agnes
 31253 | Snake:1  | Killed Agnes
 31324 | Snake:1  | Found a runed translucent door.
 31324 | Snake:1  | Found a shimmering altar of Xom.
 31324 | Snake:1  | Noticed anonymous's ghost (adept NaFi)
 31516 | Snake:1  | Identified the -1 tower shield of Minor Irritation {rC++}
 31516 | Snake:1  | Noticed Louise
 31527 | Snake:1  | Killed Louise
 32414 | Snake:2  | Found a runed translucent gate.
 32415 | Snake:2  | Found a runed translucent gate.
 32415 | Snake:2  | Found a runed translucent gate.
 32444 | Snake:2  | Reached skill level 17 in Fighting
 32478 | Snake:2  | Noticed Xeir's ghost (adept NaFE)
 32478 | Snake:2  | Noticed Guhan's ghost (adept GnWn)
 32512 | Snake:2  | Found Beurraikk's General Store.
 32514 | Snake:2  | Found Fowkerad's Specific Store.
 32572 | Snake:2  | Reached skill level 1 in Long Blades
 32578 | Snake:2  | Reached skill level 1 in Polearms
 32653 | Snake:2  | Noticed Aizul
 32670 | Snake:2  | Killed Aizul
 32768 | Snake:2  | Noticed Azrael
 32796 | Snake:2  | Killed Azrael
 32916 | Snake:2  | Killed Guhan's ghost
 33022 | Snake:2  | Killed Xeir's ghost
 33407 | Snake:3  | Reached XP level 18. HP: 124/124 MP: 21/21
 33792 | Snake:4  | Entered Level 4 of the Snake Pit
 33818 | Snake:4  | Noticed Roxanne
 33828 | Snake:4  | Found a flickering gateway to a bazaar.
 33894 | Bazaar   | Entered a bazaar
 33903 | Bazaar   | Found Anuidgh's Antique Weapon Emporium.
 33916 | Bazaar   | Found Zumemun's Antique Weapon Shoppe.
 33933 | Bazaar   | Found Yqitet's Antique Armour Shoppe.
 33944 | Bazaar   | Found Seol's Antique Armour Emporium.
 33976 | Bazaar   | Bought a jewelled double sword for 360 gold pieces
 33976 | Bazaar   | Identified the +8 double sword "Rocze" {flame, rC+} (You
                  | bought it in a shop in a bazaar)
 34028 | Bazaar   | Bought a polished plate armour for 784 gold pieces
 34028 | Bazaar   | Identified the +1 plate armour of the Volcano {+Inv rC+
                  | rCorr SInv} (You bought it in a shop in a bazaar)
 34074 | Snake:4  | Killed Roxanne
 34545 | Snake:4  | Acquired a manual of Armour
 34547 | Snake:4  | Acquired 1255 gold pieces
 34549 | Snake:4  | Acquired the ring of Nitihyn {*Slow rElec Will+++ Str+2
                  | Int+6}
 34728 | Snake:4  | Received a gift from Trog
 34886 | Snake:4  | Noticed a quicksilver dragon
 34886 | Snake:4  | Noticed a quicksilver dragon
 34896 | Snake:4  | Killed a quicksilver dragon
 34899 | Snake:4  | Killed a quicksilver dragon
 34934 | Snake:4  | Got a serpentine rune of Zot
 35254 | Snake:1  | Killed anonymous's ghost
 35372 | Spider:1 | Entered Level 1 of the Spider Nest
 35814 | Spider:1 | Acquired the +0 pair of boots of Purpose {Int+5 Dex+3
                  | Stlth-}
 35892 | Spider:1 | Identified the +6 trident of Doenoe {flame, Will++ Int+2}
 36369 | Spider:1 | Reached skill level 18 in Fighting
 36675 | Spider:2 | Reached XP level 19. HP: 121/130 MP: 22/22
 36999 | Spider:3 | Noticed Donald
 37035 | Spider:2 | Killed Donald
 37325 | Spider:3 | Reached skill level 1 in Evocations
 37325 | Spider:3 | Noticed Xaebebb's ghost (adept DrCj)
 37399 | Spider:3 | Found a runed translucent gate.
 37399 | Spider:3 | Found a runed translucent gate.
 37399 | Spider:3 | Found a runed translucent gate.
 38071 | Spider:4 | Entered Level 4 of the Spider Nest
 38211 | Spider:4 | Received a gift from Trog
 38634 | Spider:4 | Reached skill level 15 in Armour
 38922 | Spider:4 | Reached skill level 5 in Invocations
 39453 | Spider:4 | Received a gift from Trog
 39463 | Spider:4 | Reached skill level 5 in Stealth
 39747 | Spider:4 | Got a gossamer rune of Zot
 39981 | D:12     | Killed Nessos
 40059 | Depths:1 | Entered Level 1 of the Depths
 40060 | Depths:1 | Found Lesits's One-of-a-Kind Books.
 40388 | Depths:1 | Reached XP level 20. HP: 137/137 MP: 24/24
 40668 | Depths:1 | Gained mutation: You are frail. (-10% HP) [a cacodemon]
 40683 | Depths:1 | Found a one-way gate leading to the halls of Pandemonium.
 40754 | Depths:1 | Paralysed by a floating eye for 3 turns
 40759 | Depths:1 | Paralysed by a floating eye for 3 turns
 40766 | Depths:1 | Paralysed by a floating eye for 3 turns
 40889 | Depths:1 | Reached skill level 19 in Fighting
 40916 | Depths:1 | Found a gateway to Hell.
 41690 | Depths:2 | Identified the +6 scythe of Tenacity {vorpal, Dex+2}
 41736 | Depths:2 | Noticed a juggernaut
 41759 | Depths:2 | Killed a juggernaut
 41828 | Depths:2 | Noticed a caustic shrike
 41844 | Depths:2 | Noticed a golden dragon
 41850 | Depths:2 | Killed a caustic shrike
 41880 | Depths:2 | Killed a golden dragon
 41900 | Depths:2 | Noticed a juggernaut
 41950 | Depths:2 | Paralysed by a floating eye for 2 turns
 41955 | Depths:2 | Killed a juggernaut
 41971 | Depths:2 | Paralysed by a floating eye for 4 turns
 42075 | Depths:2 | Received a gift from Trog
 42399 | Depths:2 | Identified the ring "Rimotit" {Str+2 Dex+7 SInv}
 42471 | Depths:2 | Found a runed translucent gate.
 42472 | Depths:2 | Found a runed translucent gate.
 42472 | Depths:2 | Found a runed translucent gate.
 42473 | Depths:2 | Noticed emiel's ghost (veteran OgEE)
 42473 | Depths:2 | Noticed TheNamelessOne's ghost (adept DsFi)
 42473 | Depths:2 | Noticed Zgarb's ghost (adept SpEn)
 42473 | Depths:2 | Noticed Ninaxtia's ghost (veteran TeCj)
 42475 | Depths:2 | Noticed sn0wgr3's ghost (adept MiFi)
 42893 | Depths:3 | Found Couxzu's Antique Weapon Shoppe.
 42902 | Depths:3 | Bought a pitted broad axe for 288 gold pieces
 42902 | Depths:3 | Identified the +8 broad axe "Ulegekax" {freeze, MP+9 Dex+4}
                  | (You bought it in a shop on level 3 of the Depths)
 42942 | Depths:3 | Reached XP level 21. HP: 127/130 MP: 26/26
 43615 | Depths:3 | Reached skill level 20 in Fighting
 43738 | Depths:3 | Noticed Margery
 43939 | Depths:3 | Killed Margery
 44052 | Depths:3 | Identified the +5 eveningstar "Sithaytz" {vorpal, rF+ rN+}
                  | (Trog gifted it to you on level 3 of the Depths)
 44052 | Depths:3 | Received a gift from Trog
 44129 | Depths:4 | Entered Level 4 of the Depths
 44129 | Depths:4 | Found a one-way gateway to a ziggurat.
 44222 | Depths:4 | Found a basalt altar of Yredelemnul.
 44716 | Depths:4 | Noticed a bone dragon
 44788 | Depths:4 | Killed a bone dragon
 45165 | Depths:4 | Reached skill level 5 in Evocations
 45671 | Depths:4 | Found a gate to the Realm of Zot.
 45736 | Depths:3 | Identified the +7 quarterstaff of Kari {freeze, rPois
                  | Stlth+}
 46029 | Elf:1    | Entered Level 1 of the Elven Halls
 46054 | Elf:1    | Found Biuphit's Weapon Shoppe.
 46241 | Elf:1    | Paralysed by a floating eye for 2 turns
 46433 | Elf:1    | Received a gift from Trog
 47200 | Elf:2    | Reached XP level 22. HP: 118/137 MP: 28/28
 47545 | Elf:2    | Noticed Saint Roka
 47566 | Elf:2    | Received a gift from Trog
 47631 | Elf:2    | Killed Saint Roka
 47728 | Elf:2    | Found a runed translucent gate.
 47728 | Elf:2    | Found a runed translucent gate.
 47728 | Elf:2    | Found a runed translucent gate.
 48153 | Elf:2    | Identified the +8 trident "Oriafofa" {vorpal, rCorr Dex+6}
                  | (Trog gifted it to you on level 2 of the Elven Halls)
 48153 | Elf:2    | Received a gift from Trog
 48156 | Elf:2    | Reached ****** piety under Trog
 48330 | Elf:3    | Entered Level 3 of the Elven Halls
 48408 | Elf:3    | Found a magical portal.
 48412 | WizLab   | Entered Cigotuvi's Fleshworks
 48538 | WizLab   | Reached skill level 21 in Fighting
 48565 | WizLab   | Gained mutation: Armour fits poorly on your strangely
                  | shaped body. [mutagenic glow]
 48583 | WizLab   | Gained mutation: You occasionally shout uncontrollably at
                  | your foes. [mutagenic glow]
 48596 | WizLab   | Gained mutation: You sometimes lose the ability to read
                  | scrolls when taking damage. [mutagenic glow]
 48623 | WizLab   | Gained mutation: You frequently scream uncontrollably at
                  | your foes. [mutagenic glow]
 48630 | WizLab   | Gained mutation: You are clumsy. (Dex -2) [mutagenic glow]
 48815 | WizLab   | Paralysed by a floating eye for 4 turns
 48824 | WizLab   | Paralysed by a floating eye for 4 turns
 48847 | WizLab   | Paralysed by a floating eye for 4 turns
 48908 | WizLab   | Found the -2 hat of the Alchemist {rElec rPois rF+ rC+ rN+
                  | Will+ rMut rCorr}
 48908 | WizLab   | Paralysed by a floating eye for 4 turns
 49244 | WizLab   | Lost mutation: You are frail. (-10% HP) [potion of
                  | mutation]
 49244 | WizLab   | Lost mutation: You frequently scream uncontrollably at your
                  | foes. [potion of mutation]
 49244 | WizLab   | Gained mutation: You expend magic power (3 MP) to
                  | strengthen your wands. [potion of mutation]
 49246 | WizLab   | Lost mutation: You sometimes lose the ability to read
                  | scrolls when taking damage. [potion of mutation]
 49246 | WizLab   | Gained mutation: You have a pair of small antennae on your
                  | head. [potion of mutation]
 49248 | WizLab   | Lost mutation: You have a pair of small antennae on your
                  | head. [potion of mutation]
 49248 | WizLab   | Lost mutation: You are clumsy. (Dex -2) [potion of
                  | mutation]
 49248 | WizLab   | Gained mutation: You have a pair of small horns on your
                  | head. [potion of mutation]
 49248 | WizLab   | Gained mutation: You are dopey. (Int -2) [potion of
                  | mutation]
 49250 | WizLab   | Lost mutation: Armour fits poorly on your strangely shaped
                  | body. [potion of mutation]
 49250 | WizLab   | Lost mutation: You are dopey. (Int -2) [potion of mutation]
 49250 | WizLab   | Lost mutation: You expend magic power (3 MP) to strengthen
                  | your wands. [potion of mutation]
 49250 | WizLab   | Gained mutation: You are weak. (Str -2) [potion of
                  | mutation]
 49250 | WizLab   | Gained mutation: You are frail. (-10% HP) [potion of
                  | mutation]
 49252 | WizLab   | Lost mutation: You occasionally shout uncontrollably at
                  | your foes. [potion of mutation]
 49252 | WizLab   | Lost mutation: You have a pair of small horns on your head.
                  | [potion of mutation]
 49252 | WizLab   | Gained mutation: You do not regenerate when monsters are
                  | visible. [potion of mutation]
 49252 | WizLab   | Gained mutation: You expend magic power (3 MP) to
                  | strengthen your wands. [potion of mutation]
 49254 | WizLab   | Lost mutation: You are weak. (Str -2) [potion of mutation]
 49254 | WizLab   | Lost mutation: You expend magic power (3 MP) to strengthen
                  | your wands. [potion of mutation]
 49254 | WizLab   | Gained mutation: You have large cloven feet. [potion of
                  | mutation]
 49254 | WizLab   | Gained mutation: Your spells are a little harder to cast,
                  | but a little more powerful. [potion of mutation]
 49254 | WizLab   | Gained mutation: You passively dampen the noise of your
                  | surroundings. [potion of mutation]
 49256 | WizLab   | Lost mutation: You have large cloven feet. [potion of
                  | mutation]
 49256 | WizLab   | Lost mutation: You are frail. (-10% HP) [potion of
                  | mutation]
 49256 | WizLab   | Lost mutation: You do not regenerate when monsters are
                  | visible. [potion of mutation]
 49256 | WizLab   | Gained mutation: You are partially covered in large bone
                  | plates. (SH +4) [potion of mutation]
 49256 | WizLab   | Gained mutation: You are partially covered in iridescent
                  | scales. (AC +2) [potion of mutation]
 49517 | Elf:3    | Found an ancient bone altar of Kikubaaqudgha.
 49519 | Elf:3    | Paralysed by an air elemental for 1 turns
 50197 | Elf:3    | Received a gift from Trog
 51011 | Elf:3    | Identified the +11 mace "Miufrueb" {elec, Int+4 Stlth+}
 51011 | Elf:3    | Identified the ring of the Zebra {rElec Will+ Dex+2 Stlth+}
 51021 | Elf:3    | Received a gift from Trog
 51027 | Elf:3    | Reached XP level 23. HP: 160/160 MP: 29/29
 51130 | Elf:3    | Identified the ring of Mynol {rC+ AC+4 Str+4}
 51137 | Elf:3    | Identified the +1 pair of gloves of Sorcery {Harm rPois rC+
                  | Regen+}
 51383 | Elf:3    | Identified the +6 whip "Grim" {pain, Str+6}
 51705 | Vaults:1 | Entered Level 1 of the Vaults
 52519 | Vaults:1 | Found a crumbling gateway.
 52762 | Vaults:1 | Received a gift from Trog
 52768 | Vaults:1 | Reached skill level 10 in Stealth
 52987 | Vaults:1 | Reached skill level 22 in Fighting
 53907 | Vaults:2 | Received a gift from Trog
 53910 | Vaults:2 | Found a staircase to the Crypt.
 54447 | Vaults:3 | Reached skill level 10 in Dodging
 54810 | Vaults:3 | Found the +12 glaive of Prune {vorpal}
 55179 | Vaults:3 | Received a gift from Trog
 55928 | Vaults:4 | Reached XP level 24. HP: 169/169 MP: 30/30
 56279 | Vaults:4 | Reached skill level 10 in Invocations
 56340 | Vaults:4 | Noticed Xtahua
 56354 | Vaults:4 | Killed Xtahua
 56730 | Vaults:5 | Entered Level 5 of the Vaults
 56978 | Vaults:4 | Reached skill level 23 in Fighting
 57054 | Vaults:5 | Received a gift from Trog
 57668 | Vaults:5 | Noticed Mara
 57683 | Vaults:5 | Noticed Mehrius's illusion
 57776 | Vaults:5 | Received a gift from Trog
 57784 | Vaults:5 | Noticed Mehrius's illusion
 57784 | Vaults:5 | Killed Mara
 57785 | Vaults:5 | Reached skill level 24 in Fighting
 58038 | Vaults:5 | Reached XP level 25. HP: 179/179 MP: 31/31
 58082 | Vaults:5 | Noticed an ancient lich
 58099 | Vaults:5 | Killed an ancient lich
 58100 | Vaults:5 | Found the +1 robe of Vines {NoPotionHeal Regen++++}
 58161 | Vaults:5 | Identified the ring "Texzelal" {rPois rC+ rN+ Int+2}
 58181 | Vaults:5 | Identified the ring of Cucaxaze {rF- rN+++ MP+9 Str+3
                  | Stlth-}
 58635 | Vaults:5 | Identified the ring "Soweosk" {rN++ Will+ Str-5 Slay-6
                  | Stlth+}
 58738 | Vaults:5 | Got a silver rune of Zot
 58763 | Vaults:5 | Received a gift from Trog
 59191 | Slime:1  | Entered Level 1 of the Pits of Slime
 59228 | Slime:1  | Found a viscous altar of Jiyva.
 59398 | Slime:1  | Gained mutation: You are weak. (Str -2) [a shining eye]
 59857 | Slime:2  | Reached skill level 25 in Fighting
 59945 | Slime:2  | Paralysed by a floating eye for 3 turns
 60505 | Slime:2  | Received a gift from Trog
 61958 | Slime:4  | Received a gift from Trog
 61997 | Slime:4  | Gained mutation: Potions are less effective at restoring
                  | your health. [a shining eye]
 62003 | Slime:4  | Gained mutation: Your body sometimes deteriorates upon
                  | taking damage. [a shining eye]
 62153 | Slime:4  | Gained mutation: Armour fits poorly on your strangely
                  | shaped body. [a shining eye]
 62514 | Slime:5  | Entered Level 5 of the Pits of Slime
 62735 | Slime:5  | Found a viscous altar of Jiyva.
 62747 | Slime:5  | Gained mutation: You sometimes lose the ability to read
                  | scrolls when taking damage. [a shining eye]
 62754 | Slime:5  | Noticed the Royal Jelly
 62768 | Slime:5  | Killed the Royal Jelly
 62769 | Slime:5  | Reached skill level 26 in Fighting
 63134 | Slime:5  | Reached XP level 26. HP: 187/190 MP: 31/31
 63146 | Slime:5  | Got a slimy rune of Zot
 63179 | Slime:5  | Identified the ring of Yesterday {rF+ rC++ rN+}
 63382 | Slime:5  | Identified the +11 short sword of Zuxiym {vorpal, Drain
                  | rPois rN+++ rCorr}
 63392 | Slime:5  | Identified the +1 robe "Enlabbir" {rElec Dex+4}
 63395 | Slime:5  | Identified the +9 lajatang of Facicweq {drain, *Slow Will+
                  | MP+9}
 63731 | Depths:1 | Voluntarily entered the Abyss.
 64007 | Abyss:1  | Identified the +6 trident "Ashrovam" {flame, rF- Will+
                  | Str+2} (Trog gifted it to you on level 1 of the Abyss)
 64007 | Abyss:1  | Received a gift from Trog
 64620 | Abyss:3  | Got an abyssal rune of Zot
 64750 | Abyss:3  | Received a gift from Trog
 64822 | Depths:1 | Escaped the Abyss
 65080 | Crypt:1  | Entered Level 1 of the Crypt
 65526 | Crypt:1  | Reached skill level 27 in Fighting
 65632 | Crypt:1  | You are sucked into a shaft and drop 1 floor!
 65954 | Crypt:1  | Found a huge runed gate.
 65954 | Crypt:1  | Found a huge runed gate.
 65954 | Crypt:1  | Found a huge runed gate.
 65954 | Crypt:1  | Found a huge runed gate.
 65954 | Crypt:1  | Found a huge runed gate.
 65954 | Crypt:1  | Found a huge runed gate.
 65956 | Crypt:1  | Found a huge runed gate.
 65957 | Crypt:1  | Found a huge runed gate.
 65958 | Crypt:1  | Found a huge runed gate.
 65958 | Crypt:1  | Found a huge runed gate.
 65969 | Crypt:1  | Found a huge runed gate.
 65969 | Crypt:1  | Found a huge runed gate.
 65969 | Crypt:1  | Found a huge runed gate.
 65969 | Crypt:1  | Found a huge runed gate.
 65969 | Crypt:1  | Found a huge runed gate.
 65969 | Crypt:1  | Found a huge runed gate.
 65970 | Crypt:1  | Found a huge runed gate.
 66022 | Crypt:1  | Found a huge runed gate.
 66022 | Crypt:1  | Found a huge runed gate.
 66022 | Crypt:1  | Found a huge runed gate.
 66022 | Crypt:1  | Found a huge runed gate.
 66022 | Crypt:1  | Found a huge runed gate.
 66022 | Crypt:1  | Found a huge runed gate.
 66023 | Crypt:1  | Found a huge runed gate.
 66028 | Crypt:1  | Found a huge runed gate.
 66030 | Crypt:1  | Found a huge runed gate.
 66042 | Crypt:1  | Found a huge runed gate.
 66042 | Crypt:1  | Found a huge runed gate.
 66042 | Crypt:1  | Found a huge runed gate.
 66042 | Crypt:1  | Found a huge runed gate.
 66042 | Crypt:1  | Found a huge runed gate.
 66042 | Crypt:1  | Found a huge runed gate.
 66056 | Crypt:1  | Found a huge runed gate.
 66057 | Crypt:1  | Found a huge runed gate.
 66058 | Crypt:1  | Found a huge runed gate.
 66066 | Crypt:1  | Found a huge runed gate.
 66352 | Crypt:2  | Reached skill level 15 in Maces & Flails
 66704 | Crypt:2  | Identified the +5 spear "Weor" {vorpal, rF+ Str+5} (Trog
                  | gifted it to you on level 2 of the Crypt)
 66704 | Crypt:2  | Received a gift from Trog
 66859 | Crypt:3  | Entered Level 3 of the Crypt
 67428 | Crypt:3  | Identified the +1 scale mail of Amelioration {Rampage rF+}
 67575 | Crypt:3  | Received a gift from Trog
 67692 | Crypt:3  | Noticed a dread lich
 67703 | Crypt:3  | Killed a dread lich
 67799 | Crypt:3  | Found a shimmering altar of Xom.
 67955 | Crypt:3  | Reached XP level 27. HP: 199/199 MP: 32/32
 67982 | Crypt:3  | Found a staircase to the Tomb.
 68227 | Tomb:1   | Entered Level 1 of the Tomb of the Ancients
 68556 | Tomb:1   | Reached skill level 10 in Evocations
 69524 | Tomb:2   | Noticed a royal mummy
 69524 | Tomb:2   | Noticed a royal mummy
 69524 | Tomb:2   | Noticed a royal mummy
 69524 | Tomb:2   | Noticed a royal mummy
 69540 | Tomb:2   | HP: 10/298 [death scarab (14)]
 69541 | Tomb:2   | Slain by a death scarab

Illustrated notes

Levels and vault maps discovered:
D:1:      evilmike_arrival_fibonacci_small, layout_rooms
D:2:      layout_basic, ebering_ecumenical_altar_abandoned
D:3:      layout_basic, serial_shops, shop, uniq_natasha, uniq_ijyb,
          uniq_terence
D:4:      layout_cave_pools, grunt_ministairs_11, minmay_cut_off,
          uniq_crazy_yiuf_cottage, uniq_menkaure
D:5:      layout_basic, serial_shops, shop, uniq_grinder
D:6:      layout_basic, minmay_temple_entry_mist, serial_shops,
          nicolae_shop_temple_entry_statues_fountains, shop,
          mrwooster_statue_mirror
D:7:      layout_rooms, mainiacjoe_overflow_concentric_impassable,
          enter_bailey_6, serial_shops, shop, shop, gammafunk_ghost_cemetery,
          uniq_pikel, uniq_joseph
D:8:      layout_cave_pods, minmay_diamond_spiral
D:9:      layout_basic, minmay_lair_entry_grove, uniq_psyche, uniq_grum
D:10:     layout_rooms
D:11:     layout_gridville, fountainhead, fedhas_altar_3, uniq_nergalle
D:12:     layout_roguey, orc_0_dummy, uniq_kirke, uniq_fannar, uniq_nessos,
          uniq_gastronok
D:13:     layout_gridville, david_vaults_4
D:14:     layout_loops_corners, fountainhead
D:15:     grunt_enter_depths_giant_problem, layout_basic, led_sif_pool
Temple:   mainiacjoe_temple_trianglar_array
Lair:1:   layout_hall_layers, gammafunk_ghost_necromancy,
          chequers_serial_rivers_micro_b, uniq_sonja, uniq_erica
Lair:2:   layout_cave_shapes, nicolae_lair_lakeside_cave, serial_bayou_shore_a
Lair:3:   gammafunk_cloud_chamber, layout_chaotic_city
Lair:4:   layout_cave_shapes, minmay_snake_entry_six_corridors,
          dummy_spider_entry
Lair:5:   layout_gridlike, slime_altar_1
Lair:6:   hellmonk_lair_end_abyssal_woods, layout_gridlike,
          gauntlet_entry_generic, infiniplex_staircase_pool_2
Snake:1:  layout_honeycomb, ebering_ghost_xom, drop_trap, lemuel_fruit_tree,
          serial_bayou_shore_b, uniq_agnes, uniq_louise
Snake:2:  layout_rooms, gammafunk_ghost_cemetery, nicolae_specific_store,
          uniq_aizul, uniq_azrael
Snake:3:  layout_concentric_octagons
Snake:4:  hellmonk_snake_rune_quicksilver_temple, layout_cave_town,
          serial_shops, bzr_entry_customers, uniq_roxanne
Spider:1: layout_spider_delve
Spider:2: layout_spider_delve, nicolae_spider_cling_ruins
Spider:3: cheibrodos_forgotten_conduit, gammafunk_ghost_split,
          guppyfry_spider_mini_2, uniq_donald
Spider:4: guppyfry_spider_rune
Slime:1:  layout_caves, basic_altar
Slime:2:  layout_caves, nicolae_slime_round_cave
Slime:3:  layout_caves
Slime:4:  layout_caves
Slime:5
Orc:1:    layout_diamond_mine, serial_shops, nicolae_shop_advertising_works
          [nicolae_subvault_shop_adworks], mines4_lemuel, uniq_jorgrun
Orc:2:    st_orc_congregation, layout_caves, serial_shops, shop_coins
Elf:1:    nicolae_elf_arrival_fired_up, layout_onion_city, serial_shops,
          nicolae_shop_competitors_out_of_business, minmay_elf_crystal_hexagon,
          nicolae_elf_glassroom_feature
Elf:2:    nicolae_elf_blades_splatter_lattice
          [nicolae_blade_entry_area_security], layout_geoelf_octagon,
          uniq_saint_roka
Elf:3:    minmay_elf_hall_four_x, layout_rooms, mu_enter_wizlab_7, basic_altar,
          serial_aquarium, aquarium_bridge_square [aquarium_subvault_bridge,
          aquarium_subvault_bridge, aquarium_subvault_wall,
          aquarium_subvault_wall], aquarium_bridge_square
          [aquarium_subvault_balcony, aquarium_subvault_balcony,
          aquarium_subvault_bridge, aquarium_subvault_bridge],
          aquarium_window_fake, aquarium_window_fake, aquarium_window_fake,
          aquarium_view_2c, aquarium_view_2e, aquarium_balcony_3a, hex_tiny,
          hangedman_elf_targetted_burst
Vaults:1: portal_desolation_entry_salt, nicolae_vaults_windows_and_doors_thing,
          grunt_vaults_focal, ontoclasm_vaults_ring_square,
          hangedman_vaults_locks, v_rooms_6, dpeg_vaults_monster_box, v_misc_11,
          nicolae_vaults_stairing_the_circle, nicolae_vaults_theta,
          nicolae_vaults_specimen_jars, layout_vaults_ring
Vaults:2: ontoclasm_vaults_claustrophobia, nicolae_vaults_ninety_degrees,
          minmay_crypt_entry_vampire_xt, ontoclasm_vaults_decontamination,
          nicolae_vaults_big_angled_halls, nicolae_vaults_shelves_hall,
          hangedman_vaults_stretched_pinwheel, layout_vaults_quadrants
Vaults:3: vaults_standard_mumra_enter_the_diamond,
          nicolae_vaults_twisting_passages, ontoclasm_vaults_fault,
          ontoclasm_vaults_ring_square, nicolae_vaults_little_ls,
          nicolae_vaults_gold_heap, nicolae_vaults_display_case,
          nicolae_vaults_little_squares_6, grunt_vaults_hallway_short,
          ontoclasm_vaults_spin, layout_vaults_omnibox
Vaults:4: hangedman_vaults_variations, hangedman_vaults_snaps,
          nicolae_vaults_little_squares_2, nicolae_vaults_murderbox,
          grunt_vaults_swirl, hangedman_vaults_stretched_pinwheel,
          nicolae_vaults_little_squares_4, layout_vaults_chaotic_city,
          uniq_xtahua
Vaults:5: uniq_mara
Crypt:1:  layout_chaotic_city, minivault_11, nicolae_crypt_ancient_font,
          st_stairs_5, door_vault
Crypt:2:  layout_misc_corridors, st_stairs_9, grunt_ministairs_5
Crypt:3:  cryptofortress_bobbens
Tomb:1
Tomb:2
Depths:1: layout_honeycomb, nicolae_benzene_ring, abyss_entry,
          rand_demon_pan_entry_3, hell_entry, st_stairs_6, nicolae_rare_books
Depths:2: minmay_the_grid_square_5x5_4x4 [minmay_the_grid_square_5x5_inner_v,
          minmay_the_grid_square_5x5_bracketed, minmay_the_grid_square_5x5_six,
          minmay_the_grid_square_5x5_three,
          minmay_the_grid_square_5x5_checkered,
          minmay_the_grid_square_5x5_prize_pseudospiral,
          minmay_the_grid_square_5x5_prize_deathbox,
          minmay_the_grid_square_5x5_shuriken,
          minmay_the_grid_square_5x5_spiral_small,
          minmay_the_grid_square_5x5_prize_itemx,
          minmay_the_grid_square_5x5_prize_monsterx,
          minmay_the_grid_square_5x5_one_wall,
          minmay_the_grid_square_5x5_trominoes, minmay_the_grid_square_5x5_v,
          minmay_the_grid_square_5x5_minibox, minmay_the_grid_square_5x5_z],
          layout_gridlike, pf_hell_entry_great_geh, gammafunk_ghost_cemetery,
          abyss_entry_glasseish, grunt_pan_entry_zigzag,
          amcnicky_mini_pool_small, infiniplex_staircase_split_hallway
Depths:3: kennysheep_ogre_elephant_herders, layout_gridville,
          rand_demon_pan_entry_7, grunt_metal_band, hangedman_abyss_entry_splay,
          serial_shops, nicolae_shop_competitors_out_of_business,
          serial_bayou_shore_b, minmay_staircase_windowed_large, firewood_loft
Depths:4: grunt_zot_entry_alcove, layout_basic, enter_ziggurat_a,
          yredelemnul_altar_generic, abyss_entry_crystal, hell_entry,
          serial_bayou, serial_bayou_ford_a, serial_bayou_lagoon_b,
          serial_bayou_pond_a, serial_bayou_shore_b

Skill      XL: |  1  2  3  4  5  6  7  8  9 10 11 12 13 14 15 16 17 18 19 20 21 22 23 24 25 26 27 |
---------------+----------------------------------------------------------------------------------+-----
Maces & Flails | 4 5 6 7 8 10 11 13 17 18 | 18.6
Fighting       | 4 5 6 7 8 9 11 12 14 16 17 18 19 20 21 22 24 26 27 | 27.0
Armour         | 3 4 6 7 8 9 10 11 12 13 14 15 16 17 18 19 20 | 20.4
Dodging        | 2 3 5 6 7 8 9 10 11 | 11.8
Shields        | 2 3 4 7 9 10 12 13 14 16 18 20 21 22 23 24 25 26 | 26.7
Stealth        | 1 2 3 5 7 8 9 10 11 12 13 | 13.8
Staves         | 1 2 |  2.8
Invocations    | 4 5 6 8 9 10 11 12 | 12.6
Long Blades    | 2 4 |  4.0
Polearms       | 2 3 |  3.7
Evocations     | 2 4 5 6 7 8 9 10 | 10.0
Unarmed Combat | |  0.4

Action                   |  1- 3 |  4- 6 |  7- 9 | 10-12 | 13-15 | 16-18 | 19-21 | 22-24 | 25-27 || total
-------------------------+-------+-------+-------+-------+-------+-------+-------+-------+-------++-------
Melee: Mace              |    93 |   162 |   456 |   207 |       |       |       |       |       ||   918
       Unarmed           |       |     8 |       |       |       |       |       |       |       ||     8
       Flail             |       |       |       |   218 |       |       |       |       |       ||   218
       Demon whip        |       |       |       |   245 |   879 |  2245 |  2282 |  2540 |  2594 || 10785
Invok: Berserk           |       |     4 |    11 |    12 |     7 |    19 |     7 |     8 |     5 ||    73
       Trog's Hand       |       |     2 |     8 |    10 |     6 |    20 |    21 |    32 |    30 ||   129
       Brothers in Arms  |       |       |       |       |     1 |     6 |     4 |     1 |     3 ||    15
  Use: Scroll            |       |     2 |       |    25 |     7 |    10 |     4 |     7 |     3 ||    58
       Potion            |       |       |       |       |     1 |    10 |       |     8 |       ||    19
 Stab: Distracted        |       |       |       |       |       |       |       |       |     1 ||     1
Armor: Animal skin       |    38 |       |       |       |       |       |       |       |       ||    38
       Chain mail        |       |   110 |   186 |       |       |       |       |       |       ||   296
       Skin              |       |     2 |       |       |       |       |       |       |       ||     2
       Scale mail        |       |       |    84 |   190 |   180 |    10 |       |       |       ||   464
       Plate armour      |       |       |       |       |       |   750 |   782 |   577 |   477 ||  2586
Dodge: Dodged            |    53 |    37 |   128 |   148 |   192 |   515 |   488 |   406 |   479 ||  2446
Block: Kite shield       |    36 |    41 |   291 |   486 |   546 |   531 |       |       |       ||  1931
       Tower shield      |       |       |       |       |       |  1180 |  1688 |  1868 |  1971 ||  6707

Table legend: (Time is in decaauts)
 A = Elapsed time spent in this place.
 B = Non-inter-level travel time spent in this place.
 C = Inter-level travel time spent in this place.
 D = Time resting spent in this place.
 E = Time spent auto-exploring this place.
 F = Levels seen in this place.
 G = Mean time per level.
                   A        B        C        D        E       F      G
               +--------+--------+--------+--------+--------+-----+--------+
         Total |  65484 |  58956 |   6528 |   8790 |  31667 |  61 | 1073.5 |
       Dungeon |  19649 |  17130 |   2519 |   3325 |   9902 |  15 | 1309.9 |
        Temple |    440 |    378 |     62 |      0 |    362 |   1 |  440.0 |
          Lair |   7505 |   6503 |   1002 |    846 |   4375 |   6 | 1250.8 |
     Snake Pit |   3809 |   3505 |    304 |    152 |   2103 |   4 |  952.2 |
   Spider Nest |   4087 |   3829 |    258 |    653 |   1647 |   4 | 1021.8 |
    Slime Pits |   3855 |   3478 |    377 |    497 |   1894 |   5 |  771.0 |
  Orcish Mines |   2468 |   2237 |    231 |    600 |   1023 |   2 | 1234.0 |
   Elven Halls |   4062 |   3568 |    494 |    128 |   2271 |   3 | 1354.0 |
        Vaults |   6600 |   6235 |    365 |    403 |   4179 |   5 | 1320.0 |
         Crypt |   2628 |   2546 |     82 |    143 |    894 |   3 |  876.0 |
          Tomb |   1238 |    907 |    331 |    273 |    138 |   2 |  619.0 |
        Depths |   5384 |   4885 |    499 |    717 |   2496 |   4 | 1346.0 |
         Abyss |    877 |    877 |      0 |      0 |      0 |   3 |  292.3 |
        Bazaar |    144 |    144 |      0 |      0 |     62 |   1 |  144.0 |
        Bailey |   1202 |   1202 |      0 |    750 |     18 |   1 | 1202.0 |
        Wizlab |    929 |    929 |      0 |    216 |    165 |   1 |  929.0 |
      Gauntlet |    598 |    598 |      0 |     83 |    136 |   1 |  598.0 |
               +--------+--------+--------+--------+--------+-----+--------+

Top non-repeatable levels by time:
     D:2: 2442 daAuts
    D:12: 1933 daAuts
     D:5: 1795 daAuts
  Lair:6: 1788 daAuts
   Elf:3: 1596 daAuts
     D:7: 1581 daAuts
Depths:3: 1514 daAuts
   Elf:2: 1491 daAuts
Spider:4: 1488 daAuts
Vaults:5: 1476 daAuts
Vaults:2: 1447 daAuts
Depths:1: 1409 daAuts
     D:4: 1387 daAuts
  Lair:3: 1386 daAuts
     D:6: 1363 daAuts
